 Dungeon Crawl Stone Soup version 0.27-a0-808-g60bc5d92e6 (webtiles) character file.

Game seed: 5855138263995150405

2858 polve the Schismatic (level 9, 0/106 HPs)
             Began as a Demonspawn Abyssal Knight on Mar 28, 2021.
             Was an Elder of Lugonu.
             Succumbed to a killer bee's poison
             ... on level 8 of the Dungeon.
             The game lasted 00:10:16 (10359 turns).

polve the Schismatic (Demonspawn Abyssal Knight)   Turns: 10359, Time: 00:10:17

Health: 0/106      AC: 12    Str: 12    XL:     9   Next: 47%
Magic:  15/15      EV: 10    Int: 17    God:    Lugonu [****..]
Gold:   432        SH:  0    Dex: 13    Spells: 4/11 levels left

rFire    . . .     SeeInvis .   d - +2 short sword (venom)
rCold    + + .     Faith    .   (no shield)
rNeg     + . .     Spirit   .   m - +0 chain mail
rPois    .         Reflect  .   (no helmet)
rElec    .         Harm     .   n - +0 cloak
rCorr    .         Rampage  .   o - +0 pair of gloves
Will     +....                  (no boots)
Stlth    ..........             w - amulet of the Republic {RegenMP rC++ rN+}
HPRegen  0.27/turn              c - ring of willpower
MPRegen  0.53/turn              (no ring)

@: brilliant, berserking, lethally poisoned (0 -> -10), attractive, hasted, very
quick
A: talons 2, repulsion field 2, magic regeneration
a: Renounce Religion, Depart the Abyss, Bend Space, Banish, Corrupt


You were on level 8 of the Dungeon.
You worshipped Lugonu.
Lugonu was greatly pleased with you.
You visited 1 branch of the dungeon, and saw 8 of its levels.
You visited the Abyss 1 time.

You collected 432 gold pieces.

Inventory:

Hand Weapons
 a - a +1 falchion
 d - a +2 short sword of venom (weapon)
Armour
 m - a +0 chain mail (worn)
 n - a +0 cloak (worn)
 o - a +0 pair of gloves (worn)
Jewellery
 c - a ring of willpower (left hand)
 k - a ring of fire
 w - the amulet of the Republic (around neck) {RegenMP rC++ rN+}
   (You found it on level 5 of the Dungeon)

   [amulet of magic regeneration]

   It increases your magic regeneration.
   It greatly protects you from cold.
   It protects you from negative energy.
Wands
 s - a wand of iceblast (6)
 y - a wand of charming (5)
Scrolls
 e - a scroll of magic mapping {unknown}
 f - 2 scrolls of vulnerability {unknown}
 i - 6 scrolls of identify {unknown}
 l - a scroll of blinking {unknown}
 r - a scroll of acquirement {unknown}
 t - a scroll of fog {unknown}
Potions
 h - a potion of attraction
 j - a potion of magic
 p - a potion of lignification {unknown}
 q - a potion of mutation {unknown}
 u - a potion of haste
 v - a potion of curing {unknown}
 x - a potion of degeneration {unknown}


   Skills:
 - Level 6.8 Fighting
 - Level 3.1 Long Blades
 - Level 5.7 Armour
 - Level 5.5 Dodging
 + Level 1.6 Spellcasting
 + Level 1.8 Conjurations
 + Level 1.8 Hexes
 + Level 1.6 Transmutations
 - Level 8.0 Invocations


You had 4 spell levels left.
You knew the following spells:

 Your Spells              Type           Power      Damage    Failure   Level
a - Magic Dart            Conj           44%        1d5       96%         1
c - Corona                Hex            12%        N/A       96%         1
d - Dazzling Flash        Conj/Hex       22%        N/A       100%        3
w - Wereblood             Tmut           10%        N/A       99%         2

Your spell library contained the following spells:

 Spells                   Type           Power      Damage    Failure   Level
 Beastly Appendage        Tmut           20%        N/A       97%         1
 Animate Skeleton         Necr           4%         N/A       99%         1
 Apportation              Tloc           4%         N/A       99%         1
 Summon Small Mammal      Summ           8%         N/A       99%         1
 Ensorcelled Hibernation  Hex/Ice        12%        N/A       99%         2
 Slow                     Hex            11%        N/A       99%         2
 Blink                    Tloc           N/A        N/A       100%        2
 Call Imp                 Summ           2%         N/A       100%        2
 Confusing Touch          Hex            11%        N/A       100%        3
 Conjure Flame            Conj/Fire      6%         6-21      100%        3
 Mephitic Cloud           Conj/Pois/Air  5%         N/A       100%        3
 Spider Form              Tmut/Pois      3%         N/A       100%        3
 Tukima's Dance           Hex            11%        N/A       100%        3
 Ice Form                 Ice/Tmut       6%         N/A       100%        4
 Blade Hands              Tmut           5%         N/A       100%        5


Dungeon Overview and Level Annotations

Branches:
Dungeon (8/15)             Temple (0/1) D:5
   Lair: D:8-11

Altars:
Ashenzari
Dithmenos
Fedhas
Gozag
Kikubaaqudgha
Makhleb
Nemelex Xobeh
Ru
Sif Muna
Uskayaw
Wu Jian
The Shining One

Shops:
D:5 [


Innate Abilities, Weirdness & Mutations

You have razor-sharp toenails.
You are surrounded by a moderate repulsion field. (EV +3)
You regenerate magic rapidly.


Message History

You claw the killer bee, but do no damage.
The killer bee is lightly wounded.
You feel sick. The killer bee misses you. The killer bee stings you.
You miss the killer bee.
The killer bee is lightly wounded.
You feel sick. The killer bee stings you! The killer bee stings you.
You are more poisoned.
The killer bee poisons you!
You barely miss the killer bee.
The killer bee is lightly wounded.
You feel very sick. The killer bee stings you.
* * * LOW HITPOINT WARNING * * *
You are lethally poisoned!
The killer bee poisons you! The killer bee stings you!
* * * LOW HITPOINT WARNING * * *
It was a potion of attraction.
You feel attractive to monsters.
* * * LOW HITPOINT WARNING * * *
You feel very sick.
The killer bee stings you but does no damage.
The killer bee barely misses you.
It was a potion of magic.
Magic courses through your body.
* * * LOW HITPOINT WARNING * * *
You feel very sick. The killer bee misses you.
The killer bee stings you but does no damage.
It was a potion of haste.
You feel yourself speed up.
* * * LOW HITPOINT WARNING * * *
You feel very sick. The killer bee barely misses you.
The killer bee stings you but does no damage.
It was a potion of brilliance.
You feel clever all of a sudden.
* * * LOW HITPOINT WARNING * * *
You feel sick. The killer bee misses you.
It was a potion of berserk rage.
A red film seems to cover your vision as you go berserk!
You feel yourself moving faster!
You feel mighty!
You die...

####.# #.# ##.##.###._.###...
.....### #.# #.##.#.).....#...
.......#####.####.##.#.).#...#...
.###.................#...#...#...
.# #.#.##........#.#.'#######'...
## #.#.##........#..............#
#.#.##......####..#.#.....####
#.#.##...........^..###..##
#.#.#####.###@##..#.###..# #.#.#
#.###y#<.........# #.#.#
#.......#.#.####.#
#.#.#####.......#.#.# #.#
#.#.....'.......#.#.# #.#
#.##≈≈≈≈≈.......#...# #.#####
#.##≈###≈...#.#.....# #.#....
#.#..'_#≈...#..>...>####.#....
###.#.§###≈§..#..........#.#....


You could see a killer bee.

Vanquished Creatures
  Grinder (D:4)
  A water moccasin (D:6)
  An ice beast (D:7)
  An orc warrior (D:7)
  3 sky beasts
  3 ogres
  A necrophage (D:4)
  3 centaurs
  A phantom (D:5)
  2 kobold brigands (D:8)
  3 bullfrogs
  A wyvern skeleton (D:7)
  2 killer bees (D:8)
  A howler monkey (D:5)
  3 hounds
  A jelly (D:5)
  3 bullfrog zombies
  4 centaur zombies
  An orc priest (D:5)
  Crazy Yiuf (D:3)
  A gnoll shaman (D:6)
  2 orc wizards (D:8)
  2 iguanas
  A killer bee zombie (D:8)
  A howler monkey zombie (D:5)
  3 gnolls (D:6)
  A howler monkey skeleton (D:6)
  10 adders
  An ufetubus (D:4)
  3 worms
  3 dart slugs
  14 orcs
  8 endoplasms
  3 giant cockroaches
  7 goblins
  5 hobgoblins
  14 jackals
  18 kobolds
  3 quokkas
  11 ball pythons
  3 bats
  7 frilled lizards
  5 rats
163 creatures vanquished.

Notes
Turn   | Place    | Note
-------+----------+-------------------------------------------
     0 | Abyss:1  | polve the Demonspawn Abyssal Knight began the quest for the
                  | Orb.
     0 | Abyss:1  | Reached XP level 1. HP: 18/18 MP: 2/2
   107 | Abyss:1  | Noticed a spatial maelstrom
   108 | Abyss:1  | Noticed a spatial vortex
   108 | Abyss:1  | Noticed a starcursed mass
   109 | Abyss:1  | Noticed a starcursed mass
   110 | D:1      | Escaped the Abyss
   489 | D:1      | Gained mutation: You are surrounded by a mild repulsion
                  | field. (EV +2) [demonic ancestry]
   489 | D:1      | Reached XP level 2. HP: 10/24 MP: 3/3
   735 | D:1      | Reached * piety under Lugonu
  1530 | D:1      | Reached XP level 3. HP: 26/29 MP: 4/4
  1576 | D:1      | Reached skill level 1 in Dodging
  1810 | D:2      | Found a shadowy altar of Dithmenos.
  1945 | D:2      | Found a burning altar of Makhleb.
  1993 | D:2      | Found an ornate altar of the Wu Jian Council.
  2247 | D:2      | Reached ** piety under Lugonu
  2987 | D:2      | Reached XP level 4. HP: 27/35 MP: 5/5
  3350 | D:3      | Found a runed translucent door.
  3351 | D:3      | Noticed Crazy Yiuf
  3609 | D:3      | Found an ancient bone altar of Kikubaaqudgha.
  4262 | D:3      | Killed Crazy Yiuf
  4263 | D:3      | Gained mutation: You are surrounded by a moderate repulsion
                  | field. (EV +3) [demonic ancestry]
  4263 | D:3      | Reached XP level 5. HP: 40/42 MP: 6/6
  4715 | D:4      | Noticed Grinder
  4731 | D:4      | Killed Grinder
  4732 | D:4      | Gained mutation: You regenerate magic rapidly. [demonic
                  | ancestry]
  4732 | D:4      | Reached XP level 6. HP: 30/49 MP: 7/7
  4883 | D:4      | Learned a level 1 spell: Magic Dart
  4904 | D:4      | Gained mutation: You have sharp toenails. [demonic
                  | ancestry]
  4904 | D:4      | Reached XP level 7. HP: 43/55 MP: 8/8
  4980 | D:4      | Found a broken altar of Ashenzari.
  5021 | D:4      | Reached skill level 5 in Fighting
  5487 | D:5      | Entered Level 5 of the Dungeon
  5518 | D:5      | Reached *** piety under Lugonu
  5878 | D:5      | Found a staircase to the Ecumenical Temple.
  6001 | D:5      | Found Dekuafav's Armour Shop.
  6037 | D:5      | Identified the amulet of the Republic {RegenMP rC++ rN+}
  6150 | D:5      | Found a hide-covered altar of Uskayaw.
  6150 | D:5      | Found an opulent altar of Gozag.
  6165 | D:5      | Found a shimmering blue altar of Sif Muna.
  6587 | D:5      | Gained mutation: You have razor-sharp toenails. [demonic
                  | ancestry]
  6587 | D:5      | Reached XP level 8. HP: 64/64 MP: 9/9
  6606 | D:5      | Found a sparkling altar of Nemelex Xobeh.
  6712 | D:6      | Reached skill level 5 in Armour
  7177 | D:6      | Reached skill level 5 in Dodging
  8056 | D:7      | Learned a level 2 spell: Wereblood
  8058 | D:7      | Learned a level 1 spell: Corona
  8062 | D:7      | Learned a level 3 spell: Dazzling Flash
  8123 | D:7      | Reached skill level 3 in Invocations
  8157 | D:7      | Reached skill level 4 in Invocations
  8164 | D:7      | Reached skill level 5 in Invocations
  8361 | D:7      | Reached skill level 6 in Invocations
  8361 | D:7      | Reached XP level 9. HP: 43/71 MP: 13/13
  8369 | D:7      | Reached **** piety under Lugonu
  8599 | D:7      | Found a blossoming altar of Fedhas.
  8925 | D:7      | Reached skill level 7 in Invocations
  9301 | D:8      | Reached skill level 8 in Invocations
  9557 | D:8      | Found a sacrificial altar of Ru.
  9629 | D:8      | Found a blossoming altar of Fedhas.
  9815 | D:8      | Reached skill level 1 in Spellcasting
  9815 | D:8      | Reached skill level 1 in Conjurations
  9815 | D:8      | Reached skill level 1 in Hexes
  9829 | D:8      | Reached skill level 1 in Transmutations
 10357 | D:8      | HP: 2/71 [poisoned by a killer bee]
 10359 | D:8      | Succumbed to a killer bee's poison

Illustrated notes

Levels and vault maps discovered:
D:1:      dpeg_arrival_simpleton_c, layout_loops_corners
D:2:      layout_loops_corners, marbit_many_paths, grunt_dithmenos_smoke,
          grunt_temple_overflow_open, kennysheep_minor_cross
D:3:      layout_basic, kiku_gazebo_pond_becter,
          minmay_fractal_squares_gapless_5, uniq_crazy_yiuf_cottage
D:4:      layout_basic, evilmike_ruin_ashenzari, kennysheep_nondescript,
          uniq_grinder
D:5:      layout_rooms, gammafunk_temple_overflow_claw,
          lemuel_coloured_pillars_altar, minmay_temple_entry_waves,
          serial_shops, shop
D:6:      layout_basic
D:7:      layout_cave_pools, basic_altar
D:8:      layout_basic, kennysheep_mini_moat, minivault_26,
          nicolae_ru_great_annihilating_truth

Skill      XL: |  1  2  3  4  5  6  7  8  9 |
---------------+----------------------------+-----
Long Blades    | 2 3 |  3.1
Dodging        | 1 2 3 4 5 |  5.5
Armour         | 2 3 4 5 |  5.7
Fighting       | 4 5 6 |  6.8
Invocations    | 6 8 |  8.0
Spellcasting   | 1 |  1.6
Conjurations   | 1 |  1.8
Hexes          | 1 |  1.8
Transmutations | 1 |  1.6

Action                   |  1- 3 |  4- 6 |  7- 9 || total
-------------------------+-------+-------+-------++-------
Melee: Falchion          |    65 |       |       ||    65
       Short sword       |    61 |   157 |   408 ||   626
       Kick              |       |       |   109 ||   109
Invok: Depart the Abyss  |     1 |       |       ||     1
       Banish            |       |       |     2 ||     2
  Use: Potion            |       |       |     5 ||     5
 Stab: Paralysed         |       |       |     1 ||     1
Armor: Leather armour    |    25 |       |       ||    25
       Ring mail         |    10 |    16 |       ||    26
       Chain mail        |       |    34 |   292 ||   326
Dodge: Dodged            |   100 |    88 |   238 ||   426
       Rpst.: Falchion   |    18 |       |       ||    18

Table legend: (Time is in decaauts)
 A = Elapsed time spent in this place.
 B = Non-inter-level travel time spent in this place.
 C = Inter-level travel time spent in this place.
 D = Time resting spent in this place.
 E = Time spent auto-exploring this place.
 F = Levels seen in this place.
 G = Mean time per level.
                   A        B        C        D        E       F      G
               +--------+--------+--------+--------+--------+-----+--------+
         Total |  10379 |  10071 |    308 |      0 |   8818 |   9 | 1153.2 |
       Dungeon |  10266 |   9958 |    308 |      0 |   8708 |   8 | 1283.2 |
         Abyss |    113 |    113 |      0 |      0 |    110 |   1 |  113.0 |
               +--------+--------+--------+--------+--------+-----+--------+

Top non-repeatable levels by time:
     D:1: 1651 daAuts
     D:2: 1505 daAuts
     D:8: 1301 daAuts
     D:6: 1233 daAuts
     D:7: 1184 daAuts
     D:4: 1167 daAuts
     D:5: 1155 daAuts
     D:3: 1066 daAuts
 Abyss:1: 113 daAuts
